Map: Waterfall

Players

Nice - Winner!

  • Race: Protoss Protoss
  • League: Diamond
  • Spawn Location: 1:00

ShoWTimE

  • Race: Protoss Protoss
  • Spawn Location: 7:00

Event: HomeStory Cup XXII

VOD

Have the link to the VOD?

Description

Time

  • Played on: Dec. 15, 2022, 10:02 a.m.
  • Length: 13:59

All games in this series

Show
View Real Time Build Order
Export as new Build Order

Nice Protoss - Winner!

Build Orders: Oracle Opening 

Get SALT Encoding   

  12  0:00  Probe  
  13  0:12  Probe  
  14  0:18  Pylon  
  14  0:24  Probe (Chrono Boost)  
  15  0:37  Gateway, Probe (Chrono Boost)  
  15  0:42  Probe (Chrono Boost)  
  16  0:47  Assimilator  
  17  0:53  Probe  
  17  0:55  Assimilator  
  18  1:05  Probe (Chrono Boost)  
  19  1:12  Gateway  
  19  1:17  Probe (Chrono Boost)  
  20  1:25  Probe (Chrono Boost)  
  21  1:26  Cybernetics Core  
  21  1:31  Probe  
  21  1:38  Pylon  
  22  1:43  Probe  
  23  2:03  Warp Gate  
  23  2:04  Stalker  
  23  2:05  Adept  
  27  2:11  Pylon  
  27  2:12  Probe  
  28  2:34  Stalker  
  28  2:35  Probe, Stalker  
  33  2:46  Stargate  
  32  3:13  Nexus  
  32  3:15  Probe  
  33  3:27  Probe  
  33  3:28  Oracle (Chrono Boost)  
  35  3:42  Probe  
  35  3:44  Pylon  
  36  3:54  Probe  
  37  4:01  Oracle (Chrono Boost)  
  40  4:02  Adept  
  40  4:03  Adept  
  40  4:06  Probe  
  45  4:15  Twilight Council  
  45  4:19  Probe (Chrono Boost)  
  46  4:30  Probe (Chrono Boost)  
  47  4:31  Probe (Chrono Boost)  
  49  4:39  Probe (Chrono Boost)  
  49  4:40  Probe (Chrono Boost)  
  49  4:44  Probe (Chrono Boost)  
  48  4:46  Probe  
  48  4:56  Probe  
  48  4:58  Probe  
  48  4:59  Blink (Chrono Boost)  
  47  5:06  Stalker x2  
  48  5:08  Probe  
  48  5:10  Probe  
  48  5:11  Shield Battery  
  50  5:17  Forge  
  50  5:20  Probe  
  51  5:22  Probe  
  51  5:24  Assimilator  
  52  5:29  Robotics Facility  
  52  5:32  Probe  
  52  5:33  Pylon  
  52  5:34  Probe  
  54  5:40  Gateway  
  54  5:43  Gateway  
  54  5:48  Assimilator  
  54  5:49  Sentry x2  
  58  5:50  Probe  
  58  5:51  Protoss Ground Weapons Level 1 (Chrono Boost)  
  58  5:53  Probe  
  60  6:02  Pylon  
  60  6:09  Probe x2  
  62  6:17  Stalker x2  
  65  6:19  Observer  
  65  6:23  Gateway  
  65  6:24  Probe  
  65  6:25  Phoenix, Gateway  
  67  6:27  Pylon  
  67  6:30  Probe  
  68  6:36  Probe  
  69  6:43  Pylon  
  69  6:44  Probe  
  70  6:47  Nexus  
  70  6:48  Probe  
  70  6:52  Sentry  
  73  6:55  Stalker  
  73  6:59  Stalker  
  77  7:02  Stalker  
  77  7:03  Probe  
  77  7:05  Probe  
  81  7:10  Shield Battery  
  80  7:18  Stalker  
  80  7:19  Stalker  
  82  7:23  Stalker  
  82  7:28  Observer  
  85  7:32  Stalker  
  85  7:33  Shield Battery  
  85  7:35  Pylon  
  86  7:41  Protoss Ground Weapons Level 2 (Chrono Boost)  
  86  7:42  Pylon  
  86  7:49  Dark Shrine  
  88  8:00  Pylon  
  88  8:03  Stalker  
  88  8:05  Stalker x2  
  88  8:08  Probe x3  
  95  8:16  Assimilator  
  95  8:20  Assimilator  
  95  8:21  Pylon  
  95  8:23  Probe x2  
  95  8:25  Pylon  
  98  8:28  Charge, Warp Prism (Chrono Boost)  
  99  8:35  Probe x2  
  99  8:36  Probe  
  99  8:40  Stalker  
  104  8:46  Stalker x2  
  108  8:48  Stalker  
  110  8:58  Stalker x2  
  110  9:00  Pylon  
  114  9:03  Gateway  
  112  9:12  Stalker x3  
  114  9:27  Dark Templar  
  114  9:28  Dark Templar x2  
  120  9:35  Dark Templar x3  
  126  9:42  Nexus  
  126  9:48  Shield Battery  
  124  10:05  Stalker x4  
  122  10:23  Stalker x2  
  122  10:24  Stalker  
  126  10:29  Protoss Ground Weapons Level 3 (Chrono Boost), Probe  
  126  10:30  Shadow Stride (Chrono Boost), Gateway  
  126  10:31  Pylon  
  126  10:35  Stalker x4  
  127  10:45  Observer  
  127  10:49  Shield Battery  
  128  10:50  Shield Battery  
  128  10:51  Stalker x3  
  134  10:59  Dark Templar  
  134  11:01  Stalker  
  134  11:02  Stalker x2  
  142  11:05  Probe x2  
  142  11:10  Probe x2  
  146  11:17  Probe  
  147  11:18  Stalker  
  147  11:19  Stalker x2  
  153  11:30  Dark Templar  
  153  11:32  Dark Templar  
  149  11:44  Stalker x5  
  149  11:45  Stalker  
  154  11:51  Probe x2  
  154  11:52  Probe  
  153  11:57  Probe  
  153  11:59  Pylon  
  153  12:00  Photon Cannon  
  154  12:03  Probe, Stalker  
  154  12:07  Photon Cannon  
  154  12:08  Stalker x3  
  163  12:15  Probe  
  164  12:17  Probe  
  164  12:18  Assimilator  
  164  12:20  Assimilator  
  155  12:34  Stalker x4  
  155  12:35  Stalker x4  
  152  12:49  Observer (Chrono Boost)  
  152  12:50  Probe x3  
  156  12:56  Gateway  
  156  12:58  Dark Templar x2  
  156  12:59  Dark Templar x3, Gateway  
  156  13:01  Pylon  
  156  13:02  Stalker  
  156  13:03  Probe  
  167  13:13  Photon Cannon  
  167  13:14  Pylon  
  167  13:26  Stalker x3  
  167  13:46  Stalker x5  
  152  13:57  Stalker x3  
Show
View Real Time Build Order
Export as new Build Order

ShoWTimE Protoss 

Build Orders: 1 Gate Expand 

Get SALT Encoding   

  12  0:00  Probe  
  13  0:12  Probe  
  14  0:18  Pylon  
  14  0:24  Probe (Chrono Boost)  
  15  0:36  Probe (Chrono Boost)  
  15  0:38  Gateway  
  16  0:44  Probe (Chrono Boost)  
  16  0:46  Assimilator  
  17  0:50  Probe  
  18  1:03  Probe  
  19  1:15  Probe  
  20  1:24  Nexus  
  20  1:34  Cybernetics Core  
  20  1:37  Probe  
  21  1:44  Assimilator  
  21  1:49  Probe  
  21  1:53  Pylon  
  22  2:02  Probe  
  22  2:08  Warp Gate (Chrono Boost)  
  23  2:10  Sentry (Chrono Boost)  
  23  2:14  Probe  
  26  2:19  Gateway  
  26  2:26  Probe  
  26  2:29  Stalker  
  27  2:36  Shield Battery  
  29  2:42  Probe  
  29  2:43  Probe  
  31  2:55  Probe x2  
  33  2:59  Stalker  
  35  3:07  Probe  
  35  3:08  Probe  
  35  3:09  Sentry  
  39  3:16  Robotics Facility  
  39  3:22  Shield Battery  
  39  3:27  Probe x2  
  41  3:39  Probe x2  
  40  3:50  Twilight Council  
  40  3:51  Probe x2, Stalker x2  
  40  3:55  Pylon  
  46  4:04  Pylon  
  46  4:09  Gateway  
  46  4:13  Probe x2  
  46  4:14  Stalker  
  46  4:16  Stalker  
  52  4:20  Blink (Chrono Boost)  
  51  4:25  Probe x2  
  53  4:37  Probe x2  
  55  4:38  Pylon  
  55  4:43  Stalker  
  55  4:46  Phoenix  
  55  4:49  Probe x2, Stalker  
  56  5:01  Probe x2  
  58  5:08  Assimilator  
  58  5:10  Pylon  
  58  5:13  Probe x2  
  60  5:18  Pylon  
  60  5:20  Robotics Facility  
  60  5:26  Nexus, Probe  
  60  5:28  Probe  
  62  5:38  Probe  
  62  5:40  Probe  
  64  5:45  Stalker x2, Pylon  
  68  5:50  Probe, Stalker  
  68  5:53  Probe  
  72  5:59  Phoenix  
  72  6:02  Probe, Pylon  
  73  6:05  Probe  
  73  6:07  Observer (Chrono Boost)  
  73  6:11  Stalker x2  
  79  6:14  Probe  
  79  6:18  Probe  
  81  6:19  Stalker  
  81  6:20  Observer (Chrono Boost)  
  81  6:21  Phoenix  
  84  6:26  Probe  
  84  6:28  Pylon  
  84  6:29  Gateway  
  84  6:30  Probe  
  86  6:35  Forge  
  86  6:38  Probe  
  86  6:39  Probe  
  88  6:42  Probe  
  89  6:50  Probe, Stalker x3  
  89  6:52  Probe  
  89  6:54  Protoss Ground Weapons Level 1 (Chrono Boost), Probe  
  98  6:56  Gateway  
  98  6:58  Warp Prism (Chrono Boost)  
  98  7:04  Observer  
  98  7:07  Pylon  
  100  7:21  Charge (Chrono Boost), Stalker  
  100  7:22  Stalker x2  
  106  7:26  Gateway  
  106  7:28  Gateway  
  106  7:40  Gateway  
  106  7:42  Pylon  
  106  7:44  Shield Battery, Nexus  
  106  7:48  Stalker x2  
  110  7:52  Stalker  
  110  7:55  Stalker x2  
  116  8:00  Pylon  
  116  8:01  Phoenix  
  116  8:05  Pylon  
  116  8:06  Shield Battery  
  116  8:12  Probe x3  
  119  8:13  Stalker x2  
  119  8:18  Stalker x2  
  127  8:20  Pylon  
  127  8:24  Pylon  
  127  8:31  Probe x3  
  127  8:32  Pylon  
  127  8:33  Stalker x2  
  134  8:37  Stalker  
  136  8:43  Stalker  
  136  8:44  Zealot x3  
  144  8:48  Photon Cannon  
  144  8:55  Shield Battery  
  144  8:59  Stalker x2  
  144  9:02  Zealot x2  
  152  9:04  Zealot  
  150  9:15  Zealot x3  
  150  9:28  Probe x3  
  150  9:30  Stalker x5  
  150  9:31  Pylon  
  163  9:34  Zealot x5  
  163  9:36  Zealot x3  
  169  9:42  Gateway  
  169  9:43  Gateway  
  164  9:57  Stalker x6  
  152  10:07  Observer (Chrono Boost)  
  148  10:10  Zealot x2  
  146  10:21  Observer (Chrono Boost)  
  142  10:23  Zealot x5  
  153  10:30  Probe x2  
  154  10:41  Observer  
  155  10:44  Probe  
  155  10:45  Probe x2  
  158  10:54  Forge  
  158  10:59  Forge  
  158  11:00  Zealot x6  
  170  11:05  Pylon  
  170  11:07  Probe x3  
  165  11:12  Probe  
  165  11:17  Warp Prism (Chrono Boost)  
  158  11:19  Probe x3  
  158  11:25  Zealot x2  
  160  11:32  Probe  
  161  11:33  Probe  
  162  11:46  Nexus  
  154  11:53  Zealot x3  
  152  11:57  Zealot  
  152  12:05  Zealot x2  
  156  12:14  Zealot x3  
  162  12:21  Stalker x2  
  146  12:35  Photon Cannon  
  130  12:39  Probe  
  130  12:41  Probe, Photon Cannon  
  124  12:45  Stalker x5  
  134  12:56  Stalker x3  
  138  13:13  Stalker x5  
  146  13:23  Probe  
  146  13:24  Probe  
  142  13:27  Stalker x3  
  142  13:29  Probe  
  142  13:30  Probe  
  142  13:32  Pylon  
  146  13:37  Zealot  
  146  13:38  Zealot x4  
  149  13:44  Zealot x2  
  132  13:52  Zealot x3  
Tags
 
Add a new tag
Caveats
  • Supply blocks, unpowered buildings, or Contaminate may cause inaccurate times.
  • Supply counts are checked every 10 seconds.